 Dungeon Crawl Stone Soup version 0.30.1-11-g7821555f0a (webtiles) character file.

Game seed: 5289968692421880161

2109 lonewolfV2 the Fighter (level 9, -5/75 HPs)
             Began as a Formicid Fighter on Dec 8, 2023.
             Was a Follower of Qazlal.
             Slain by Grum
             ... wielding a -2 spear
              (12 damage)
             ... on level 8 of the Dungeon.
             The game lasted 00:09:47 (7261 turns).

lonewolfV2 the Fighter (Formicid Fighter)           Turns: 7261, Time: 00:09:47

Health: -5/75      AC: 13    Str: 22    XL:     9   Next: 53%
Magic:  9/9        EV:  6    Int:  9    God:    Qazlal [*.....]
Gold:   469        SH: 12    Dex: 15    Spells: 8/8 levels left

rFire   . . .        w - +3 war axe
rCold   . . .        c - +0 buckler
rNeg    + + .        x - +1 plate armour
rPois   .            (helmet unavailable)
rElec   .            (no cloak)
rCorr   .            (no gloves)
SInv    +            (no boots)
Will    .....        k - amulet of reflection Stlth
                     h - ring of positive energy
HPRegen 0.32/turn    s - ring of positive energy
MPRegen 0.11/turn

%: reflection
@: no status effects
A: permanent stasis, dig shafts and tunnels, antennae 3, four strong arms
a: Dig, Shaft Self, Renounce Religion


You were on level 8 of the Dungeon.
You worshipped Qazlal.
Qazlal was aware of your devotion.
You visited 2 branches of the dungeon, and saw 9 of its levels.

You collected 469 gold pieces.

Inventory:

Hand Weapons
 w - a +3 war axe (weapon)
 z - a +0 battleaxe
Armour
 c - a +0 buckler (worn)
 x - a +1 plate armour (worn)
Jewellery
 h - a ring of positive energy (left hand)
 k - an amulet of reflection (around neck)
 s - a ring of positive energy (right hand)
 v - an amulet of the acrobat
Wands
 j - a wand of quicksilver (15)
 y - a wand of mindburst (11)
Scrolls
 e - 3 scrolls of poison
 i - 3 scrolls of fear
 l - 2 scrolls of enchant weapon
 o - 5 scrolls of identify
 r - a scroll of magic mapping
Potions
 a - a potion of invisibility
 d - 5 potions of might
 f - 3 potions of lignification
 m - 2 potions of haste
 n - 6 potions of flight
 p - 2 potions of attraction
 q - 3 potions of mutation
 t - a potion of brilliance
 u - 2 potions of degeneration


   Skills:
 - Level 8.7 Fighting
 - Level 8.2 Axes
 + Level 5.1 Armour
 + Level 6.2 Shields


You had 8 spell levels left.
You didn't know any spells.
Your spell library contained the following spells:

 Spells                   Type           Power      Damage    Failure   Level
 Beastly Appendage        Tmut           0%         N/A       100%        1
 Cigotuvi's Dreadful Rot  Necr/Pois/Air  0%         N/A       100%        2
 Wereblood                Tmut           0%         N/A       100%        2
 Spider Form              Tmut/Pois      0%         N/A       100%        3
 Cause Fear               Hex            0%         N/A       100%        4
 Manifold Assault         Tloc           0%         N/A       100%        4
 Olgreb's Toxic Radiance  Pois           0%         N/A       100%        4
 Passage of Golubria      Tloc           0%         N/A       100%        4
 Silence                  Hex/Air        0%         N/A       100%        5
 Summon Forest            Summ/Tloc      0%         N/A       100%        5
 Dragon Form              Tmut           0%         N/A       100%        7
 Discord                  Hex            0%         N/A       100%        8
 Ignition                 Fire           0%         3d3       100%        8
 Lehudib's Crystal Spear  Conj/Erth      0%         10d2      100%        8
 Dragon's Call            Summ           0%         N/A       100%        9


Dungeon Overview and Level Annotations

Branches:
Dungeon (8/15)             Temple (1/1) D:6
   Lair: D:8-11

Altars:
Ashenzari
Dithmenos
Hepliaklqana
Nemelex Xobeh
Okawaru
Qazlal
Ru
Sif Muna
Trog
Wu Jian
Xom
Yredelemnul
The Shining One

Shops:
D:2 ?   D:7 *

Annotations:
D:8 Grum


Innate Abilities, Weirdness & Mutations

You cannot be hasted, slowed, berserked, paralysed or teleported.
You can dig through walls and to a lower floor.
You have a pair of large antennae on your head. (SInv)
Your four strong arms can wield two-handed weapons with a shield.


Message History

Qazlal accepts your kill.
Grum hits you from afar with a -2 spear!
Unknown command.
Grum barely misses you.
Things that are here:
a +0 flail; a +0 leather armour; a wolf corpse You slash Grum!
Grum is moderately wounded.
You barely miss the two-headed ogre.
The wolf pauses to sniff the ground.
Grum stares intently and snarls.
You block Grum's attack.
You slash the two-headed ogre!
The two-headed ogre is lightly wounded.
You block the two-headed ogre's attack. x2
Grum hits you from afar with a -2 spear!
You slash the two-headed ogre!
The two-headed ogre is heavily wounded.
You block Grum's attack.
The two-headed ogre hits you with a +0 giant club!!
The two-headed ogre completely misses you.
You hit the two-headed ogre.
The two-headed ogre is heavily wounded.
You block Grum's attack.
You slash the two-headed ogre!
The two-headed ogre is severely wounded.
The two-headed ogre hits you with a +0 giant club!!
* * * LOW HITPOINT WARNING * * *
The two-headed ogre hits you with a +0 giant club.
* * * LOW HITPOINT WARNING * * *
Grum hits you from afar with a -2 spear.
* * * LOW HITPOINT WARNING * * *
You feel much better. Grum completely misses you.
The two-headed ogre hits you with a +0 giant club!
* * * LOW HITPOINT WARNING * * *
The two-headed ogre hits you with a +0 giant club!
* * * LOW HITPOINT WARNING * * *
You feel better.
Grum hits you from afar with a -2 spear!
You die...

.. .$##
..# #.#
#.##
#.###..#
#...)og#
####{#O#
#.#@#
#.#.#
#.#.#
#....
###.#.
#.#.#
#.# #
#.. #.$


You could see a two-headed ogre, Grum and an orc.

Vanquished Creatures
  2 water moccasins
  An orc warrior (D:7)
  A wolf (D:8)
  A centaur (D:7)
  2 phantoms (D:7)
  A bullfrog (D:7)
  A gnoll sergeant (D:7)
  3 scorpions
  5 wights (D:7)
  5 howler monkeys
  5 killer bees (D:7)
  2 jellies
  2 hounds
  A gnoll bouda (D:5)
  3 iguanas
  Robin (D:2)
  8 gnolls
  8 adders
  A shadow imp (D:5)
  A white imp (D:5)
  An ufetubus (D:5)
  2 worms
  5 dart slugs
  15 orcs
  9 bats
  5 endoplasms
  6 giant cockroaches
  13 goblins
  5 hobgoblins
  4 quokkas
  11 ball pythons
  2 frilled lizards
  5 kobolds
  8 rats
145 creatures vanquished.

Notes
Turn   | Place    | Note
-------+----------+-------------------------------------------
     0 | D:1      | lonewolfV2 the Formicid Fighter began the quest for the
                  | Orb.
     0 | D:1      | Reached XP level 1. HP: 18/18 MP: 1/1
   109 | D:1      | Reached XP level 2. HP: 24/24 MP: 2/2
   377 | D:1      | Reached XP level 3. HP: 27/30 MP: 3/3
   449 | D:1      | Found a faded altar of an unknown god.
  1335 | D:2      | Found Ahos's Magic Scroll Emporium.
  1401 | D:2      | Reached XP level 4. HP: 37/37 MP: 4/4
  1401 | D:2      | Noticed Robin
  1418 | D:2      | Killed Robin
  2342 | D:3      | Reached XP level 5. HP: 42/42 MP: 5/5
  2545 | D:3      | Found a sacrificial altar of Ru.
  2602 | D:3      | Found a broken altar of Ashenzari.
  2780 | D:3      | Reached skill level 5 in Axes
  2780 | D:3      | Reached XP level 6. HP: 41/50 MP: 6/6
  2926 | D:4      | Reached skill level 5 in Fighting
  3086 | D:4      | Reached XP level 7. HP: 31/56 MP: 7/7
  3420 | D:4      | Found a shimmering altar of Xom.
  3420 | D:4      | Found a shimmering altar of Xom.
  3422 | D:4      | Found a shimmering altar of Xom.
  3424 | D:4      | Found a shimmering altar of Xom.
  3425 | D:4      | Found a shimmering altar of Xom.
  3613 | D:5      | Entered Level 5 of the Dungeon
  3757 | D:5      | Found a shimmering blue altar of Sif Muna.
  3863 | D:5      | Found an iron altar of Okawaru.
  3899 | D:5      | Got the Elucidation of Geometric Pollution
  3972 | D:5      | Noticed a water moccasin
  3990 | D:5      | Killed a water moccasin
  3991 | D:5      | Reached XP level 8. HP: 26/64 MP: 8/8
  5347 | D:6      | Found a staircase to the Ecumenical Temple.
  5374 | Temple   | Entered the Ecumenical Temple
  5405 | Temple   | Became a worshipper of Qazlal Stormbringer
  6286 | D:7      | Reached XP level 9. HP: 63/74 MP: 9/9
  6365 | D:7      | Reached * piety under Qazlal
  6449 | D:7      | Found Merghasch's General Store.
  6474 | D:7      | Found a hazy altar of Hepliaklqana.
  6624 | D:7      | Reached skill level 5 in Shields
  7240 | D:8      | Noticed Grum
  7249 | D:8      | Noticed a two-headed ogre
  7252 | D:8      | Reached skill level 5 in Armour
  7260 | D:8      | HP: 2/75 [two-headed ogre/+0 giant club (11)]
  7261 | D:8      | Slain by Grum

Illustrated notes

Levels and vault maps discovered:
D:1:      sevenhm_arrival_forest_fort_small_4, layout_basic,
          hellmonk_ecumenical_altar_inner_sanctum, serial_park_tiny_pond
D:2:      layout_basic, serial_shops, nicolae_shop_back_alley_shop, uniq_robin
D:3:      layout_basic, lemuel_round_altar, mainiacjoe_overflow_catwalk,
          dk_noncrumbling_4, kennysheep_generic_room_13
D:4:      layout_rooms, xom_redecorated, minivault_27
D:5:      layout_gridville, mainiacjoe_overflow_alcove_1, led_sif_book
D:6:      layout_loops_corners, temple_doors_e, skrybe_limestone_x
D:7:      layout_loops_ring, nicolae_hepliaklqana_hazy_memory, serial_shops,
          shop
D:8:      layout_loops_ring, mainiacjoe_overflow_paths, lair_entry_dummy,
          uniq_grum
Temple:   nicolae_temple_great_sept

Skill      XL: |  1  2  3  4  5  6  7  8  9 |
---------------+----------------------------+-----
Axes           | 3 4 5 7 8 |  8.2
Fighting       | 4 5 6 8 |  8.7
Armour         | 5 |  5.1
Shields        | 6 |  6.2

Action                     |  1- 3 |  4- 6 |  7- 9 || total
---------------------------+-------+-------+-------++-------
  Melee: War axe           |    97 |   125 |   191 ||   413
    Use: Scroll            |    12 |     3 |     6 ||    21
         Potion            |       |       |     4 ||     4
 Armour: Scale mail        |    45 |    36 |    28 ||   109
         Plate armour      |       |       |    40 ||    40
  Dodge: Dodged            |    34 |    59 |    72 ||   165
  Block: Buckler           |    50 |    89 |   119 ||   258
         Reflection        |       |     4 |     2 ||     6
